 Dungeon Crawl Stone Soup version 0.29.1-2-gbd0b4ee654 (webtiles) character file.

Game seed: 3889081043424396793

13 jamesblauser the Ruffian (level 2, 0/24 HPs)
             Began as a Ghoul Gladiator on Nov 6, 2022.
             Frozen to death by an endoplasm (1 damage)
             ... on level 1 of the Dungeon.
             The game lasted 00:02:11 (377 turns).

jamesblauser the Ruffian (Ghoul Gladiator)           Turns: 377, Time: 00:02:12

Health: 0/24       AC:  4    Str: 17    XL:     2   Next: 37%
Magic:  1/1        EV: 12    Int:  3    God:
Gold:   16         SH:  0    Dex: 10    Spells: 1/1 levels left

rFire   . . .      SeeInvis .   f - +0 long sword
rCold   + . .      Faith    .   (no shield)
rNeg    + + +      Spirit   .   a - +0 leather armour
rPois   ∞          Reflect  .   b - +0 helmet
rElec   .          Harm     .   (no cloak)
rCorr   .          Rampage  .   (no gloves)
Will    .....                   (no boots)
Stlth   +.........              (no amulet)
HPRegen 0.00/turn               (no ring)
MPRegen 0.07/turn               (no ring)

@: inhibited regen
A: claws 1, cold resistance 1, negative energy resistance 3, inhibited
regeneration, torment resistance 2, devour on kill
a: no special abilities


You were on level 1 of the Dungeon.
You visited 1 branch of the dungeon, and saw 1 of its levels.

You collected 16 gold pieces.

Inventory:

Hand Weapons
 f - a +0 long sword (weapon)
Missiles
 c - 3 throwing nets
 d - a javelin (quivered)
Armour
 a - a +0 leather armour (worn)
 b - a +0 helmet (worn)
Potions
 e - 3 potions of curing


   Skills:
 + Level 2.2 Fighting
 + Level 0.5 Long Blades
 + Level 1.8 Throwing
 + Level 2.9 Dodging
 + Level 3.7 Unarmed Combat


You had one spell level left.
You didn't know any spells.
Your spell library was empty.

Dungeon Overview and Level Annotations

Branches:
Dungeon (1/15)

Altars:


Innate Abilities, Weirdness & Mutations

You are immune to poison.
You have sharp fingernails.
Your flesh is cold resistant. (rC+)
You are immune to negative energy. (rN+++)
You do not regenerate when monsters are visible.
You are immune to unholy pain and torment.
You thrive by killing the living.


Message History

The giant cockroach is almost dead.
The bat misses you. The giant cockroach bites you.
* * * LOW HITPOINT WARNING * * *
The giant cockroach barely misses you. The endoplasm misses you.
You slash the giant cockroach!
You kill the giant cockroach!
The bat misses you. The bat hits you.
* * * LOW HITPOINT WARNING * * *
The endoplasm freezes you.
You are frozen.
You resist.
* * * LOW HITPOINT WARNING * * *
The bat hits you but does no damage.
Found a scroll labelled BEIRHU JUIRRIA.
The bat hits you but does no damage.
Found a bubbling clear potion.
The bat hits you but does no damage. The endoplasm freezes you.
You are frozen.
You resist.
* * * LOW HITPOINT WARNING * * *
You see here 11 gold pieces.
The bat hits you.
* * * LOW HITPOINT WARNING * * *
The bat attacks as you move away! The bat barely misses you.
The endoplasm attacks as you move away!
The endoplasm hits you but does no damage.
The bat hits you.
* * * LOW HITPOINT WARNING * * *
The bat hits you but does no damage. The endoplasm freezes you.
You are frozen.
You resist. The bat closely misses you. The endoplasm barely misses you.
You see here 11 gold pieces.
The endoplasm attacks as you move away! The endoplasm misses you.
The bat closely misses you. The bat hits you but does no damage.
The bat closely misses you.
The endoplasm hits you but does no damage.
The bat barely misses you.
You hit the bat.
You kill the bat!
The endoplasm freezes you.
You are frozen.
You resist.
You die...

#.......!.. ..
#.......... ..!
#..........
...###
#..........
#.....
#..........
#..... #....#
#.....##....#####
####...#†.$.....#
#....$..)..J@...#
#.......#'#.....#
#......$#.#.....#
#.......#.#.?...#
#.......#.#######
#######>..#
#....# #....#
#....#


You could see an endoplasm.

Vanquished Creatures
  An endoplasm (D:1)
  A giant cockroach (D:1)
  A goblin (D:1)
  2 hobgoblins (D:1)
  A quokka (D:1)
  2 ball pythons (D:1)
  2 bats (D:1)
  2 frilled lizards (D:1)
  A kobold (D:1)
  A rat (D:1)
14 creatures vanquished.

Notes
Turn   | Place    | Note
-------+----------+-------------------------------------------
     0 | D:1      | jamesblauser the Ghoul Gladiator began the quest for the
                  | Orb.
     0 | D:1      | Reached XP level 1. HP: 17/17 MP: 0/0
   339 | D:1      | Reached XP level 2. HP: 23/24 MP: 1/1
   371 | D:1      | HP: 1/24 [bat (1)]
   377 | D:1      | Frozen to death by an endoplasm

Illustrated notes

Levels and vault maps discovered:
D:1:      moated_graveyard_arrival, layout_basic

Action                   || total
-------------------------++-------
Melee: Long sword        ||    30
       Unarmed           ||     2
       Punch             ||     1
  Use: Scroll            ||     3
       Potion            ||     1
Armor: Leather armour    ||    29
Dodge: Dodged            ||    47
